 Dungeon Crawl Stone Soup version 0.25.1-4-g9407a263a5 (webtiles) character file.

Game seed: 5394736910333144051

15786 Cazemata the Severer (level 12, -9/115 HPs)
             Began as a Minotaur Berserker on Nov 26, 2020.
             Was a High Priest of Trog.
             Shot with a bolt by a yaktaur (15 damage)
             ... in a volcano.
             The game lasted 00:52:21 (13239 turns).

Cazemata the Severer (Minotaur Berserker)          Turns: 13239, Time: 00:52:21

Health: -9/115     AC: 22    Str: 25    XL:     12   Next: 4%
Magic:  12/12      EV:  9    Int:  6    God:    Trog [*****.]
Gold:   1022       SH:  0    Dex: 10    Spells: 11/11 levels left

rFire    + . .     SeeInvis .   g - +7 hand axe
rCold    . . .     Gourm    .   (no shield)
rNeg     + . .     Faith    .   n - +4 chain mail {rF+}
rPois    +         Spirit   .   (helmet restricted)
rElec    .         Reflect  .   H - +2 cloak
rCorr    .         Harm     .   w - +2 pair of gloves {archery}
MR       ++...                  q - +0 pair of boots
Stlth    ..........             (no amulet)
HPRegen  1.29/turn              p - ring of positive energy
MPRegen  0.13/turn              u - ring of poison resistance

@: berserk cooldown, regenerating, slowed, very slow
A: retaliatory headbutt, horns 2, iridescent scales 1, high mp 1
a: Berserk, Trog's Hand, Brothers in Arms, Renounce Religion


You were in a volcano.
You worshipped Trog.
Trog was extremely pleased with you.
You were not hungry.

You visited 3 branches of the dungeon, and saw 13 of its levels.
You also visited: Ossuary and Volcano.

You collected 1022 gold pieces.

Inventory:

Hand Weapons
 g - a +7 hand axe (weapon)
 v - a +2 flail of draining
Missiles
 b - 7 atropa-tipped darts
 f - 72 poisoned darts (quivered)
Armour
 d - a +2 scale mail of cold resistance
 h - a +2 kite shield
 l - a +2 cloak
 n - a +4 chain mail of fire resistance (worn)
 q - a +0 pair of boots (worn)
 w - a +2 pair of gloves of archery (worn)
 y - +1 ice dragon scales
 H - a +2 cloak (worn)
 J - the +2 robe of the Devil's Advocate {rPois rN+++ MR-, unknown}
   (You found it on level 1 of the Lair of Beasts)

   It protects you from poison.
   It renders you almost immune to negative energy.
   It affects your resistance to hostile enchantments.
 L - a +0 troll leather armour
Jewellery
 p - a ring of positive energy (left hand)
 u - a ring of poison resistance (right hand)
 B - an uncursed ring of see invisible
 F - an uncursed ring of ice {unknown}
 K - a +6 ring of strength {unknown}
Wands
 a - a wand of iceblast (5)
 i - a wand of random effects (31)
 s - a wand of flame (13)
 A - a wand of acid (8)
 C - a wand of polymorph (14)
Scrolls
 e - 14 scrolls of teleportation
 j - a scroll of fog
 t - 4 scrolls of remove curse
 M - a scroll of identify
Potions
 k - 4 potions of stabbing
 m - 2 potions of mutation
 o - 3 potions of lignification
 x - a potion of cancellation
 z - 2 potions of might
 D - 4 potions of curing
 E - a potion of flight
Miscellaneous
 r - a tin of tremorstones (3/3)
Comestibles
 c - 20 rations


   Skills:
 * Level 13.6 Fighting
 - Level 18.0 Axes
 - Level 2.4 Armour
 - Level 2.1 Dodging


You had 11 spell levels left.
You didn't know any spells.
Your spell library was empty.

Dungeon Overview and Level Annotations

Branches:
Dungeon (11/15)            Temple (1/1) D:7            Lair (1/6) D:11
Ossuary (visited)         Volcano (1/1)
    Orc: D:9-12

Altars:
Ashenzari
Cheibriados
Dithmenos
Elyvilon
Fedhas
Gozag
Hepliaklqana
Kikubaaqudgha
Makhleb
Nemelex Xobeh
Okawaru
Qazlal
Ru
Sif Muna
Trog
Uskayaw
Vehumet
Wu Jian
Xom
Yredelemnul
Zin
The Shining One

Shops:
D:4 %


Innate Abilities, Weirdness & Mutations

You reflexively headbutt those who attack you in melee.
You have a pair of horns on your head.
You are partially covered in iridescent scales. (AC +2)
You have an increased reservoir of magic. (+10% MP)


Message History

Things that are here:
6 bolts; an arrow The yaktaur shoots a bolt.
The bolt hits you!
* * * LOW HITPOINT WARNING * * *
The bolt burns you.
* * * LOW HITPOINT WARNING * * *
Items here: ( ) [ † a bolt; a +1 scimitar of flaming; a +0 cloak; a red draconian corpse The yaktaur shoots a bolt.
The bolt hits you!
* * * LOW HITPOINT WARNING * * *
The bolt burns you.
* * * LOW HITPOINT WARNING * * *
You see here a bolt.
The yaktaur unwields a +2 arbalest of flaming.
It stops flaming.
The yaktaur barely misses you. You furiously retaliate!
You headbutt the yaktaur!
The yaktaur shoots a bolt.
The bolt hits you but does no damage. The yaktaur barely misses you.
You see here a bolt.
The yaktaur shoots a bolt.
The bolt hits you!
You die...

##≈§ ###≈§§§§§§§
###≈≈§§ ≈§≈§≈
#≈≈§≈§#######
##§§≈###..![$#
#≈≈≈##(#.$.[.#.
##≈§§#..'.!.).'.
#≈≈≈##..'.._..'.
≈≈≈≈≈#..@#.....#..
≈≈≈≈≈#..(#######..
≈≈≈≈#..(c!(.!['...
≈≈≈≈#()(#.(≈..#...
≈≈≈≈#(((#8≈≈≈8#...
≈≈§≈##..c..≈..'..#
§≈§≈≈#..((....'..#
#≈
≈≈##.#8(..8#.##≈
≈≈≈###.(...###§§


You could see 2 yaktaurs.

Vanquished Creatures
  A red draconian (Volcano)
  Erolcha (D:11)
  A centaur warrior (Volcano)
  A deep elf mage (D:10)
  2 ugly things (D:11)
  A cyclops (D:11)
  Maurice (D:8)
  The ghost of chickendinner the Thaumaturge, a novice DEFE of Gozag (D:7)
  Psyche (D:11)
  A spiny frog (Lair:1)
  A gargoyle (D:11)
  3 yaktaurs (Volcano)
  A queen bee (D:9)
  A komodo dragon (D:11)
  2 trolls
  A hornet (D:11)
  2 hippogriffs
  A wyvern (D:8)
  7 yaks
  A hungry ghost (D:5)
  Eustachio (D:4)
  2 basilisks (D:11)
  A water moccasin (Lair:1)
  Duvessa (D:4)
  2 hell hounds (Lair:1)
  6 orc warriors
  2 sky beasts
  A black bear (D:7)
  4 phantoms
  An eye of draining (D:10)
  5 ogres
  A necrophage (D:11)
  3 ice beasts
  2 centaurs
  A big kobold (D:11)
  Blork the orc (D:9)
  3 bullfrogs
  2 gnoll sergeants
  Dowan (D:4)
  2 scorpions
  26 killer bees
  5 wights (D:9)
  An electric eel (Lair:1)
  A howler monkey (D:10)
  4 crimson imps
  2 centaur zombies
  A quasit (D:10)
  A bullfrog skeleton (D:10)
  3 jellies
  Crazy Yiuf (D:4)
  6 orc priests
  3 hounds
  13 orc wizards
  3 centaur skeletons
  3 iguanas
  13 worker ants
  A big kobold zombie (Ossuary)
  2 hound zombies
  2 hound skeletons
  8 mummies (Ossuary)
  7 gnolls
  12 adders
  2 shadow imps
  2 worms
  4 adder skeletons
  2 dart slugs
  11 leopard geckos
  25 orcs
  9 bats
  A bat zombie (D:2)
  4 giant cockroaches
  2 gnoll zombies (Ossuary)
  8 goblins
  6 hobgoblins
  11 jackals
  12 kobolds
  5 quokkas
  A ball python (D:2)
  7 frilled lizards
  A hobgoblin zombie (Ossuary)
  A kobold zombie (Ossuary)
  3 orc zombies (Ossuary)
  A quokka skeleton (D:5)
  5 rats
  3 rat zombies (D:2)
317 creatures vanquished.

Vanquished Creatures (others)
  A human (D:8)
1 creature vanquished.

Grand Total: 318 creatures vanquished

Notes
Turn   | Place    | Note
-------+----------+-------------------------------------------
     0 | D:1      | Cazemata the Minotaur Berserker began the quest for the
                  | Orb.
     0 | D:1      | Reached XP level 1. HP: 19/19 MP: 0/0
    15 | D:1      | Reached skill level 4 in Axes
   108 | D:1      | Reached XP level 2. HP: 25/26 MP: 1/1
   888 | D:2      | Reached skill level 5 in Axes
   888 | D:2      | Reached XP level 3. HP: 31/31 MP: 2/2
  1068 | D:2      | Reached ** piety under Trog
  1266 | D:2      | Reached XP level 4. HP: 36/39 MP: 3/3
  1268 | D:2      | Found an ancient bone altar of Kikubaaqudgha.
  1342 | D:3      | Reached skill level 6 in Axes
  2037 | D:3      | Reached skill level 7 in Axes
  2037 | D:3      | Reached XP level 5. HP: 42/45 MP: 4/4
  2109 | D:4      | Noticed Eustachio
  2122 | D:4      | Killed Eustachio
  2122 | D:4      | Reached skill level 8 in Axes
  2122 | D:4      | Reached XP level 6. HP: 51/51 MP: 5/5
  2142 | D:4      | Found a sand-covered staircase.
  2200 | D:4      | Noticed Duvessa
  2200 | D:4      | Noticed Dowan
  2464 | D:4      | Killed Duvessa
  2464 | D:4      | Reached skill level 9 in Axes
  2465 | D:4      | Killed Dowan
  2480 | Ossuary  | Entered an ossuary
  2508 | Ossuary  | Reached XP level 7. HP: 16/57 MP: 6/6
  2815 | Ossuary  | Gained mutation: You have an increased reservoir of magic.
                  | (+10% MP) [potion of mutation]
  2815 | Ossuary  | Gained mutation: You are partially covered in iridescent
                  | scales. (AC +2) [potion of mutation]
  2886 | D:4      | Reached skill level 10 in Axes
  2983 | D:4      | Found a runed translucent door.
  2984 | D:4      | Noticed Crazy Yiuf
  2992 | D:4      | Killed Crazy Yiuf
  3392 | D:4      | Reached *** piety under Trog
  3575 | D:4      | Found Jareutic's Food Boutique.
  3621 | D:4      | Reached skill level 11 in Axes
  3783 | D:4      | Reached XP level 8. HP: 59/64 MP: 7/7
  3882 | D:5      | Entered Level 5 of the Dungeon
  4076 | D:5      | Reached skill level 12 in Axes
  4774 | D:5      | Reached skill level 13 in Axes
  4910 | D:5      | Reached XP level 9. HP: 66/70 MP: 8/8
  5175 | D:6      | Reached skill level 14 in Axes
  6169 | D:7      | Noticed chickendinner's ghost (novice DEFE)
  6339 | D:7      | Found a staircase to the Ecumenical Temple.
  6404 | D:7      | Reached skill level 15 in Axes
  6405 | D:7      | Reached **** piety under Trog
  6935 | D:7      | Found a runed translucent door.
  7436 | D:7      | Killed chickendinner's ghost
  7436 | D:7      | Reached skill level 16 in Axes
  7487 | Temple   | Entered the Ecumenical Temple
  7777 | D:8      | Found an ancient bone altar of Kikubaaqudgha.
  7805 | D:8      | Reached XP level 10. HP: 77/77 MP: 10/10
  8083 | D:8      | Reached skill level 17 in Axes
  8389 | D:8      | Noticed Maurice
  8399 | D:8      | Killed Maurice
  8782 | D:9      | Noticed Blork the orc
  8810 | D:9      | Killed Blork the orc
  9112 | D:9      | Reached skill level 18 in Axes
  9423 | D:9      | Reached skill level 5 in Fighting
 10201 | D:10     | Entered Level 10 of the Dungeon
 10231 | D:10     | Reached XP level 11. HP: 78/92 MP: 11/11
 10684 | D:10     | Noticed a deep elf mage
 10695 | D:10     | Killed a deep elf mage
 10963 | D:11     | Noticed Erolcha
 10978 | D:11     | Killed Erolcha
 11037 | D:11     | Reached ***** piety under Trog
 11294 | D:11     | Reached skill level 10 in Fighting
 11634 | D:11     | Noticed Psyche
 11652 | D:11     | Killed Psyche
 11786 | D:11     | Noticed a purple ugly thing
 11805 | D:11     | Killed a purple ugly thing
 11878 | D:11     | Found a staircase to the Lair.
 11903 | D:11     | Noticed a red ugly thing
 11920 | D:11     | Killed a red ugly thing
 12277 | Lair:1   | Entered Level 1 of the Lair of Beasts
 12437 | Lair:1   | Got an opalescent robe
 12782 | Lair:1   | Found a dark tunnel.
 12799 | Volcano  | Entered a volcano
 12821 | Volcano  | Noticed a centaur warrior
 12885 | Volcano  | Found a burning altar of Makhleb.
 12887 | Volcano  | Noticed a red draconian
 13222 | Volcano  | Killed a centaur warrior
 13229 | Volcano  | Killed a red draconian
 13229 | Volcano  | Reached XP level 12. HP: 39/115 MP: 12/12
 13237 | Volcano  | HP: 5/115 [yaktaur/bolt (14)]
 13237 | Volcano  | HP: 2/115 [yaktaur/bolt (3)]
 13239 | Volcano  | Shot with a bolt by a yaktaur

Illustrated notes

Levels and vault maps discovered:
D:1:      eino_arrival_tree_alley, layout_loops_corners
D:2:      layout_basic, lemuel_zombie_altar_kikubaaqudgha
D:3:      layout_basic, st_stairs_13
D:4:      layout_cave_pools, nicolae_ossuary_entry_false_entrances,
          first_ration, serial_shops, shop_fountains, uniq_crazy_yiuf_cottage,
          uniq_duvessa, uniq_eustachio
D:5:      kennysheep_windowed_halls, layout_basic
D:6:      minmay_octagon_keep, layout_basic
D:7:      layout_layer_cave, minmay_temple_entry_grid,
          hellmonk_ghost_happy_afterlife, chequers_hall_statues_y
D:8:      layout_loops_ring, david_nohive_1, tgw_kikubaaqudgha, uniq_maurice
D:9:      layout_layer_cave, sword_in_stone
D:10:     layout_stronghold
D:11:     layout_rooms, lair_entry_dummy, uniq_erolcha, uniq_psyche
Temple:   kilobyte_greek_temple
Lair:1:   layout_big_grid, enter_volcano_3, serial_bayou_shore_a
Volcano:  kennysheep_volcano_temple

Skill      XL: |  1  2  3  4  5  6  7  8  9 10 11 |
---------------+----------------------------------+-----
Axes           | 4 5 7 8 9 11 13 16 18 | 18.0
Fighting       | 7 13 | 13.6
Armour         | |  2.4
Dodging        | |  2.1

Action                   |  1- 3 |  4- 6 |  7- 9 | 10-12 || total
-------------------------+-------+-------+-------+-------++-------
Melee: Hand axe          |    76 |   107 |   440 |   589 ||  1212
       Headbutt          |    13 |    12 |    79 |   111 ||   215
Throw: Dart              |       |       |     6 |     3 ||     9
Invok: Trog's Hand       |       |     3 |     7 |    10 ||    20
       Berserk           |       |     2 |     3 |     2 ||     7
  Use: Scroll            |       |     2 |    13 |    13 ||    28
       Potion            |       |       |    14 |     2 ||    16
  Eat: Chunk             |     1 |     4 |    14 |    13 ||    32
       Ration            |       |     1 |     3 |     3 ||     7
Armor: Animal skin       |     5 |       |       |       ||     5
       Leather armour    |    14 |     2 |       |       ||    16
       Ring mail         |       |    20 |     4 |       ||    24
       Scale mail        |       |       |   124 |       ||   124
       Chain mail        |       |       |    15 |   324 ||   339
Dodge: Dodged            |    48 |    73 |   130 |   183 ||   434
